 Dungeon Crawl Stone Soup version 0.29.0-11-gd7f09526c8 (webtiles) character file.

Game seed: 13480744477259797041

6052 concernfroge the Fighter (level 10, -3/85 HPs)
             Began as a Mummy Monk on Sept 4, 2022.
             Was a Believer of Ru.
             Shot with an arrow by a centaur warrior (8 damage)
             ... on level 10 of the Dungeon.
             The game lasted 00:37:07 (10134 turns).

concernfroge the Fighter (Mummy Monk)              Turns: 10134, Time: 00:37:10

Health: -3/85      AC: 11    Str: 18    XL:     10   Next: 57%
Magic:  10/10      EV: 13    Int: 11    God:    Ru [**....]
Gold:   559        SH:  5    Dex: 14    Spells: 9/9 levels left

rFire   . . .      SeeInvis .   k - +1 trident
rCold   + . .      Faith    .   i - +0 buckler
rNeg    + + +      Spirit   .   p - +0 steam dragon scales
rPois   ∞          Reflect  .   l - +0 helmet
rElec   .          Harm     .   (no cloak)
rCorr   .          Rampage  .   b - +0 pair of gloves
Will    +....                   (no boots)
Stlth   ..........              (no amulet)
HPRegen 0.24/turn               r - +4 ring of protection
MPRegen 0.12/turn               f - ring of protection from fire

@: no status effects
A: cold resistance 1, negative energy resistance 3, torment resistance 2, heat
vulnerability 1, no stealth, hated by all, in touch with death 1, no potions
a: Renounce Religion


You were on level 10 of the Dungeon.
You worshipped Ru.
Ru was pleased with you.
You visited 2 branches of the dungeon, and saw 11 of its levels.

You collected 559 gold pieces.

Inventory:

Hand Weapons
 k - a +1 trident (weapon)
Missiles
 h - 16 poisoned darts
 q - 2 javelins (quivered)
Armour
 b - a +0 pair of gloves (worn)
 i - a +0 buckler (worn)
 l - a +0 helmet (worn)
 p - +0 steam dragon scales (worn)
Jewellery
 a - a ring of fire
 f - a ring of protection from fire (right hand)
 r - a +4 ring of protection (left hand)
Wands
 t - a wand of flame (13)
Scrolls
 d - a scroll of amnesia
 g - a scroll of identify
 j - 2 scrolls of silence


   Skills:
 - Level 10.0 Fighting
 + Level 7.9 Polearms
 - Level 4.0 Throwing
 - Level 4.0 Dodging
 - Level 4.0 Shields
 - Level 4.0 Evocations


You had 9 spell levels left.
You didn't know any spells.
Your spell library contained the following spells:

 Spells                   Type           Power      Damage    Failure   Level
 Petrify                  Tmut/Erth      0%         N/A       99%         4
 Irradiate                Conj/Tmut      0%         3d11      100%        5
 Sublimation of Blood     Necr           Unusable   N/A       N/A         2

Dungeon Overview and Level Annotations

Branches:
Dungeon (10/15)            Temple (1/1) D:7
   Lair: D:8-11         Orc: D:9-12

Altars:
Cheibriados
Dithmenos
Gozag
Kikubaaqudgha
Makhleb
Nemelex Xobeh
Qazlal
Ru
Sif Muna
Trog
Uskayaw
Vehumet
Wu Jian
Xom

Shops:
D:2 !   D:5 *


Innate Abilities, Weirdness & Mutations

You are immune to poison.
Your flesh is cold resistant. (rC+)
You are immune to negative energy. (rN+++)
You are immune to unholy pain and torment.
You are vulnerable to heat. (rF-)
You cannot be stealthy.
You are hated by all.
You are in touch with the powers of death.
You do not drink.


Message History

You puncture the kobold!
You kill the kobold!
You barely miss the kobold. The kobold hits you but does no damage.
You hit the kobold.
You kill the kobold!
You barely miss the kobold. You puncture the kobold!
You kill the kobold!
The centaur warrior shoots an arrow.
The arrow closely misses you.
Items here: (( )) [[ | ††.
The centaur warrior shoots an arrow.
The arrow barely misses you.
As you read the scroll of fog, it crumbles to dust.
The scroll dissolves into smoke.
Something hits you.
* * * LOW HITPOINT WARNING * * *
Blink to where?
Press: ? - help, Dir - move target
As you read the scroll of blinking, it crumbles to dust.
The kobold shouts!
The kobold closely misses you.
You closely miss the kobold. The kobold barely misses you.
Something barely misses you.
You hit the kobold.
The kobold is heavily wounded.
Something hits you.
* * * LOW HITPOINT WARNING * * *
The kobold closely misses you.
You hit the kobold.
You kill the kobold!
Something hits you.
* * * LOW HITPOINT WARNING * * *
You redirect the centaur warrior's attack!
The centaur warrior unwields a +5 hand axe of electrocution.
It stops crackling.
The centaur warrior wields a +0 shortbow.
The centaur warrior shoots an arrow.
The arrow hits the centaur warrior!
Something hits you.
* * * LOW HITPOINT WARNING * * *
The centaur warrior shoots an arrow.
The arrow hits you!
You die...

#...###§§§#§#
#...#..z##§#
#.....###.#
##...## #.# ##
##.#####.#
#.........#..
#.#.#c#.#.#.#
#..#.#)#..#
#.#...@.#.#K
....#.⌠.#....#
.## #.....#.#.#
..# #
..#.#§#§.#.# ..#
# #. .#.#§#.#.#
..# # # .. §§§
.#)# ..# #
#####§#####)# ..#
# #§§§§§§...#.#
..# # ###
#§#######.#†##..#


You could see a centaur warrior.

Vanquished Creatures
  2 two-headed ogres
  Pikel (D:4)
  A troll (D:9)
  A hornet (D:9)
  A shadow (D:9)
  2 vampires (D:10)
  Eustachio (D:4)
  2 steam dragons
  Menkaure (D:5)
  2 acid dragons (D:10)
  3 water moccasins
  A black bear (D:6)
  An orc warrior (D:8)
  A sky beast (D:6)
  An ogre (D:5)
  3 centaurs
  3 kobold brigands
  3 necrophages
  4 bullfrogs
  2 gnoll sergeants
  A scorpion (D:7)
  8 wights
  2 howler monkeys
  A jelly (D:5)
  4 orc priests
  A gnoll bouda (D:7)
  A hound (D:7)
  4 iguanas
  3 orc wizards
  6 adders
  14 gnolls
  A shadow imp (D:6)
  4 white imps
  2 worms
  5 dart slugs
  16 orcs
  6 ball pythons
  6 endoplasms
  A giant cockroach (D:1)
  9 goblins
  9 hobgoblins
  2 jackals (D:5)
  2 quokkas
  2 bats (D:1)
  5 frilled lizards
  23 kobolds
  5 rats
179 creatures vanquished.

Vanquished Creatures (others)
  An orc wizard (D:9)
  A gnoll (D:7)
  An adder (D:6)
  An orc (D:7)
  2 kobolds
6 creatures vanquished.

Grand Total: 185 creatures vanquished

Notes
Turn   | Place    | Note
-------+----------+-------------------------------------------
     0 | D:1      | concernfroge the Mummy Monk began the quest for the Orb.
     0 | D:1      | Reached XP level 1. HP: 18/18 MP: 1/1
   212 | D:1      | Reached XP level 2. HP: 21/25 MP: 2/2
   664 | D:1      | Reached skill level 4 in Fighting
   841 | D:2      | Gained mutation: You are in touch with the powers of death.
                  | [Mummy growth]
   841 | D:2      | Reached XP level 3. HP: 25/30 MP: 3/3
  1006 | D:2      | Found Ydghevvu's Distillery.
  1506 | D:2      | Reached skill level 5 in Fighting
  1506 | D:2      | Reached XP level 4. HP: 39/39 MP: 4/4
  2158 | D:3      | Reached XP level 5. HP: 46/46 MP: 5/5
  2631 | D:4      | Noticed Eustachio
  2647 | D:4      | Killed Eustachio
  2648 | D:4      | Reached skill level 6 in Fighting
  2648 | D:4      | Reached XP level 6. HP: 29/53 MP: 6/6
  2674 | D:3      | Reached skill level 7 in Fighting
  2996 | D:4      | Noticed Pikel
  3006 | D:4      | Killed Pikel
  3007 | D:4      | Reached skill level 8 in Fighting
  3007 | D:4      | Reached XP level 7. HP: 45/63 MP: 7/7
  3342 | D:4      | Found a bloodstained altar of Trog.
  3350 | D:4      | Found a faded altar of an unknown god.
  3352 | D:4      | Found a burning altar of Makhleb.
  3354 | D:4      | Found a stormy altar of Qazlal.
  3405 | D:4      | Reached skill level 9 in Fighting
  3443 | D:4      | Found a radiant altar of Vehumet.
  3686 | D:5      | Entered Level 5 of the Dungeon
  3686 | D:5      | Found a snail-covered altar of Cheibriados.
  3859 | D:5      | Noticed a yak
  3859 | D:5      | Noticed a yak
  4023 | D:6      | Reached XP level 8. HP: 29/72 MP: 8/8
  4400 | D:5      | Reached skill level 10 in Fighting
  4500 | D:5      | Found Qudeaps's General Store.
  4524 | D:5      | Noticed Menkaure
  4530 | D:5      | Killed Menkaure
  4531 | D:5      | Reached skill level 1 in Throwing
  5705 | D:6      | Found a sacrificial altar of Ru.
  5711 | D:6      | Became a worshipper of Ru the Awakened
  5715 | D:6      | Gained mutation: You are hated by all. [Ru sacrifice]
  5715 | D:6      | Reached * piety under Ru
  6073 | D:7      | Found a staircase to the Ecumenical Temple.
  6200 | D:7      | Reached skill level 1 in Evocations
  6203 | Temple   | Entered the Ecumenical Temple
  6590 | D:7      | Reached XP level 9. HP: 64/78 MP: 9/9
  7307 | D:7      | Reached skill level 1 in Shields
  7914 | D:8      | Noticed a two-headed ogre
  7925 | D:8      | Killed a two-headed ogre
  9008 | D:9      | Reached skill level 5 in Polearms
  9185 | D:9      | Found an opulent altar of Gozag.
  9186 | D:9      | Noticed a troll
  9190 | D:9      | Reached XP level 10. HP: 85/85 MP: 10/10
  9264 | D:9      | Gained mutation: You cannot be stealthy. [Ru sacrifice]
  9264 | D:9      | Reached ** piety under Ru
  9418 | D:10     | Entered Level 10 of the Dungeon
  9706 | D:10     | Noticed a two-headed ogre
  9720 | D:10     | Killed a two-headed ogre
  9808 | D:10     | Noticed a gargoyle
  9812 | D:10     | Noticed an orc knight
 10069 | D:10     | Noticed a skeletal warrior
 10081 | D:10     | Noticed a centaur warrior
 10089 | D:10     | Identified the +0 robe "Moplysyo" {rElec}
 10112 | D:10     | Noticed a centaur warrior
 10113 | D:10     | Identified the +7 arbalest "Giapiaze" {venom, rF- Str+5
                  | Dex+4}
 10134 | D:10     | Shot with an arrow by a centaur warrior

Illustrated notes

Levels and vault maps discovered:
D:1:      evilmike_arrival_grusome_pit, layout_loops_ring
D:2:      layout_basic, serial_shops, nicolae_diamond_shop
D:3:      layout_basic, supply_closet_lemuel, reono_crystal_passage,
          kennysheep_small_spiral, grunt_decor_junction
D:4:      layout_cave_pools, kennysheep_mini_moat,
          chequers_temple_overflow_minitemple, serial_forest,
          infiniplex_forest_clump_tiny, infiniplex_forest_lined_2,
          infiniplex_forest_end_double, infiniplex_forest_clump_small,
          uniq_eustachio, uniq_pikel
D:5:      corexii_shack_village, layout_rooms, cheibriados_altar_1,
          serial_shops, nicolae_diamond_shop, kennysheep_cluttered_room,
          uniq_menkaure
D:6:      layout_basic, nicolae_ru_the_path_less_chosen
D:7:      layout_cave_pools, minmay_temple_entry_proselytizer
D:8:      layout_rooms, serial_glass, glass_columns_b, glass_columns_c
D:9:      cheibrodos_steamvent, layout_rooms, mainiacjoe_overflow_brackets,
          mainiacjoe_overflow_catwalk, mainiacjoe_overflow_two_lobes,
          blue_anna_alchemist
D:10:     minmay_the_grid_4x2 [minmay_the_grid_armoury, minmay_the_grid_gridbox,
          minmay_the_grid_outer_diamond, minmay_the_grid_fan,
          minmay_the_grid_mess, minmay_the_grid_outer_circle,
          minmay_the_grid_paths, minmay_the_grid_prize_four_corners_diamond_b],
          layout_long_grid
Temple:   grunt_temple_mini_profane

Skill      XL: |  1  2  3  4  5  6  7  8  9 10 |
---------------+-------------------------------+-----
Fighting       | 4 5 6 8 9 10 | 10.0
Throwing       | 4 |  4.0
Dodging        | 4 |  4.0
Evocations     | 2 4 |  4.0
Shields        | 4 |  4.0
Polearms       | 5 7 |  7.9
Stealth        | 0 |  0.0

Action                   |  1- 3 |  4- 6 |  7- 9 | 10-12 || total
-------------------------+-------+-------+-------+-------++-------
Melee: Spear             |    77 |       |       |       ||    77
       Trident           |    51 |   102 |   444 |   132 ||   729
       Punch             |     1 |     1 |       |       ||     2
Throw: Javelin           |     4 |     7 |    45 |     2 ||    58
       Dart              |     2 |     2 |    11 |       ||    15
       Throwing net      |       |       |     1 |       ||     1
Invok: Sacrifice Love    |       |       |     1 |       ||     1
       Sacrifice Stealth |       |       |       |     1 ||     1
Evoke: Wand              |       |       |     6 |    16 ||    22
  Use: Scroll            |     6 |     4 |     4 |    10 ||    24
 Stab: Sleeping          |     3 |       |       |       ||     3
       Paralysed         |       |       |     6 |    16 ||    22
       Held in net/web   |       |       |     2 |       ||     2
       Distracted        |       |       |       |     1 ||     1
Armor: Ring mail         |    26 |       |       |       ||    26
       Chain mail        |    23 |    47 |    89 |       ||   159
       Steam dragon scal |       |       |    69 |    27 ||    96
Dodge: Dodged            |    58 |    34 |   215 |    63 ||   370
Block: Buckler           |       |       |    34 |    17 ||    51
